AoeStats
← El Fantasma de Pancho Villa

African Clearing

506446193Analyzed
4v4 RM · 19d ago on Sep 13, 2026· 69m 48s· 8 players
Game mode
Random Map
Map size
Large (8 player)
Population
200
Speed
Normal
Resources
Standard
Victory
Conquest
Starting age
Dark Age
Ending age
Imperial Age
RankedLock teamsTeams togetherTeam positionsShared explorationLock speedFull tech treeHidden civsTurbo modeCheats
Victory
Defeat
🇩🇪 Koreans · Germany
1070
+15
🇳🇴 Hindustanis · Norway
1046
+16
🇨🇳 Magyars · China
1040
+16
🇬🇧 Persians · United Kingdom
1012
+17
🇲🇽 Japanese · Mexico
1136
-19
🇺🇸 Maya · United States
1095
-18
🇨🇱 Tupi · Chile
1008
-15
🇻🇳 Mongols · Vietnam
945
-12
一念风云
3:28 Loom
15:31 Feudal Age
16:07 Double-Bit Axe
22:03 Castle Age
19:49 Horse Collar
20:52 Gold Mining
21:42 Stone Mining
22:32 Scale Barding Armor
22:23 Town Watch
24:35 Gold Shaft Mining
25:10 Husbandry
25:20 Bloodlines
25:59 Bloodlines
27:31 Wheelbarrow
28:18 Chain Barding Armor
30:06 Treadmill Crane
31:39 Hand Cart
33:06 Fletching
34:52 Heavy Plow
35:06 Bow Saw
38:08 Imperial Age
35:44 Town Patrol
35:24 Light Cavalry
37:03 Murder Holes
40:23 Plate Barding Armor
40:10 Cavalier
44:57 Paladin
52:38 Hussar
53:17 Bodkin Arrow
59:35 Masonry
60:39 Crop Rotation
67:13 Padded Archer Armor
67:55 Ballistics
68:47 Two-Man Saw
68:53 Bracer
necca
19:59 Feudal Age
20:19 Loom
27:36 Castle Age
28:47 Wheelbarrow
40:50 Double-Bit Axe
42:29 Bow Saw
43:23 Hand Cart
46:46 Stone Mining
46:48 Gold Mining
47:19 Town Watch
55:30 Imperial Age
54:03 Town Patrol
55:33 Bloodlines
55:23 Husbandry
55:43 Light Cavalry
57:39 Two-Man Saw
57:21 Stone Shaft Mining
57:22 Gold Shaft Mining
57:06 Hussar
58:40 Conscription
58:57 Horse Collar
59:48 Padded Archer Armor
59:38 Fletching
66:53 Elite Skirmisher
69:06 Citadels
68:56 Kamandaran
OnlyNomad
9:35 Loom
11:54 Feudal Age
12:47 Double-Bit Axe
18:15 Castle Age
16:20 Horse Collar
19:18 Bow Saw
23:42 Heavy Plow
24:14 Fletching
24:26 Town Watch
25:57 Stone Mining
25:57 Gold Mining
26:41 Ballistics
27:38 Wheelbarrow
28:06 Bodkin Arrow
29:15 Gold Shaft Mining
29:15 Stone Shaft Mining
29:53 Stone Shaft Mining
29:52 Squires
29:54 Scale Mail Armor
30:05 Forging
31:17 Padded Archer Armor
31:36 Elite Skirmisher
32:39 Chain Mail Armor
38:51 Imperial Age
43:10 Bracer
45:19 Leather Archer Armor
46:21 Two-Man Saw
46:49 Iron Casting
46:45 Ring Archer Armor
46:53 Conscription
48:45 Chemistry
48:50 Blast Furnace
48:54 Hand Cart
49:33 Shatagni
53:19 Hoardings
58:55 Siege Engineers
65:05 Heavy Camel Rider
65:45 Husbandry
65:56 Bloodlines
65:55 Scale Barding Armor
65:15 Light Cavalry
67:07 Imperial Camel Rider
68:15 Chain Barding Armor
Hakuna Yoken
5:33 Loom
13:12 Feudal Age
14:37 Double-Bit Axe
18:46 Castle Age
17:06 Gold Mining
17:34 Fletching
19:18 Crossbowman
19:56 Bodkin Arrow
25:56 Wheelbarrow
26:06 Ballistics
26:28 Town Watch
30:51 Horse Collar
31:23 Bow Saw
31:08 Stone Mining
31:09 Gold Mining
36:03 Imperial Age
34:41 Hand Cart
35:42 Thumb Ring
37:00 Bracer
37:56 Conscription
41:52 Husbandry
43:26 Chemistry
41:54 Light Cavalry
42:42 Elite War Wagon
44:00 Scale Barding Armor
44:06 Forging
47:30 Chain Barding Armor
47:23 Elite Skirmisher
49:24 Hussar
58:55 Heavy Plow
60:16 Siege Engineers
60:22 Masonry
64:28 Iron Casting
68:08 Cavalier
68:53 Scale Mail Armor
Huntarof
10:00 Loom
16:26 Feudal Age
16:53 Champi Runner
18:49 Forging
18:32 Arson
26:24 Castle Age
24:54 Horse Collar
25:01 Double-Bit Axe
25:57 Scale Mail Armor
26:28 Champi Warrior
27:13 Squires
29:02 Town Watch
30:55 Fletching
31:42 Iron Casting
36:00 Wheelbarrow
41:11 Imperial Age
42:41 Gold Mining
43:01 Fletching
43:12 Padded Archer Armor
44:11 Curare
44:05 Bodkin Arrow
44:32 Elite Blackwood Archer
45:50 Elite Skirmisher
47:40 Chemistry
47:53 Bracer
49:21 Ballistics
49:02 Murder Holes
51:44 Elite Champi Warrior
52:41 Chain Mail Armor
52:38 Caciques
53:16 Heavy Plow
53:04 Treadmill Crane
54:05 Conscription
54:33 Plate Mail Armor
El Fantasma de Pancho Villa
5:36 Loom
15:48 Feudal Age
19:49 Castle Age
17:47 Stone Mining
17:43 Double-Bit Axe
19:39 Wheelbarrow
19:15 Fletching
19:26 Padded Archer Armor
19:20 Gold Mining
19:16 Horse Collar
21:02 Leather Archer Armor
24:19 Bodkin Arrow
27:27 Ballistics
35:09 Imperial Age
33:30 Stone Shaft Mining
35:42 Thumb Ring
37:02 Bracer
38:43 Hand Cart
40:57 Chemistry
52:26 Ring Archer Armor
Peaky Blinders
7:08 Loom
15:21 Feudal Age
21:08 Castle Age
19:25 Double-Bit Axe
32:20 Fletching
33:54 Husbandry
34:05 Bloodlines
38:27 Imperial Age
37:56 Wheelbarrow
37:01 Light Cavalry
37:59 Bodkin Arrow
38:05 Padded Archer Armor
38:28 Ballistics
38:59 Scale Barding Armor
39:52 Conscription
41:45 Bracer
42:01 Leather Archer Armor
42:11 Bow Saw
44:50 Chain Barding Armor
44:17 Hussar
45:40 Scale Mail Armor
45:53 Forging
45:43 Gold Mining
48:15 Iron Casting
48:55 Chemistry
49:47 Elite Mangudai
51:36 Hand Cart
51:07 Town Watch
52:42 Blast Furnace
54:29 Parthian Tactics
54:09 Thumb Ring
ramirezalex13
5:22 Loom
15:27 Feudal Age
15:53 Double-Bit Axe
19:09 Fletching
25:27 Castle Age
24:41 Padded Archer Armor
27:40 Crossbowman
28:27 Thumb Ring
30:01 Bodkin Arrow
32:26 Ballistics
32:06 Town Watch
34:40 Bow Saw
37:49 Imperial Age
36:30 Leather Archer Armor
36:15 Gold Mining
37:47 Wheelbarrow
38:32 Gold Shaft Mining
38:34 Bracer
39:52 Chemistry
39:38 Arbalester
40:58 Murder Holes
43:12 Conscription
45:11 Pikeman
49:35 Two-Man Saw
48:15 Halberdier
48:41 Gambesons
52:50 Ring Archer Armor
52:31 Forging
52:25 Scale Mail Armor
55:33 Kataparuto
Connection lost

Rejoining the realm…

Still unreachable

The connection could not be restored.

Session expired

The server has moved on; the page needs a fresh start.